 Dungeon Crawl Stone Soup version 0.22-a0-533-g4d20840 (webtiles) character file.

35 iamserjio the Insei (level 3, -1/19 HPs)
             Began as a Vine Stalker Skald on June 22, 2018.
             Slain by a bullfrog skeleton (2 damage)
             ... on level 3 of the Dungeon.
             The game lasted 00:03:56 (369 turns).

iamserjio the Insei (Vine Stalker Skald)             Turns: 369, Time: 00:03:57

Health: -1/19      AC:  3    Str: 13    XL:     3   Next: 35%
Magic:  0/7        EV: 11    Int: 14    God:
Gold:   27         SH:  0    Dex: 13    Spells: 1/6 levels left

rFire    . . .     SeeInvis .   i - +2 dagger (elec)
rCold    . . .     Gourm    .   (no shield)
rNeg     . . .     Faith    .   a - +0 leather armour
rPois    .         Spirit   +   (no helmet)
rElec    .         Reflect  .   (no cloak)
rCorr    .         Harm     .   (no gloves)
MR       .....                  (no boots)
Stlth    +.........             (no amulet)
HPRegen  0.06/turn              (no ring)
MPRegen  0.10/turn              (no ring)

@: infused
A: fangs 2, magic shield, antimagic bite, no potion heal 3, rot immunity
a: no special abilities


You were on level 3 of the Dungeon.
You were not hungry.

You visited 1 branch of the dungeon, and saw 3 of its levels.

You collected 27 gold pieces.

Inventory:

Hand Weapons
 b - a +0 club
 e - a +0 dagger
 g - a +0 short sword
 i - a +2 dagger of electrocution (weapon)
Armour
 a - a +0 leather armour (worn)
Scrolls
 d - 2 scrolls of magic mapping
 f - a scroll of teleportation {unknown}
 h - a scroll of identify {unknown}
Comestibles
 c - 3 rations


   Skills:
 + Level 2.3 Fighting
 - Level 0.7 Armour
 - Level 1.5 Dodging
 * Level 3.2 Unarmed Combat
 - Level 2.1 Spellcasting
 - Level 3.0 Charms


You had one spell level left.
You knew the following spells:

 Your Spells              Type           Power        Failure   Level  Hunger
a - Infusion              Chrm           #...         9%          1    #......
b - Song of Slaying       Chrm           #.......     13%         2    ###....
c - Shroud of Golubria    Chrm/Tloc      #.........   24%         2    ###....

Your spell library contained the following spells:

 Spells                   Type           Power        Failure   Level  Hunger
 Regeneration             Chrm/Necr      #.........   43%         3    ###....
 Spectral Weapon          Hex/Chrm       #.......     43%         3    ###....


Dungeon Overview and Level Annotations

Branches:
Dungeon (3/15)

Altars:


Innate Abilities, Weirdness & Mutations

You have extremely sharp teeth.
When hurt, damage is shared between your health and your magic reserves.
Your bite disrupts and absorbs the magic of your enemies.
Potions cannot restore your health.
You are immune to rotting.


Message History

The giant cockroach is moderately wounded.
The giant cockroach closely misses you.
You hit the giant cockroach but do no damage.
Lightning courses through the giant cockroach!
You kill the giant cockroach!
You hit the bullfrog skeleton.
Lightning courses through the bullfrog skeleton!
The bullfrog skeleton is heavily damaged.
The bullfrog skeleton hits you.
* * * LOW HITPOINT WARNING * * *
The bullfrog skeleton hits you but does no damage.
You hit the bullfrog skeleton.
Lightning courses through the bullfrog skeleton!
The bullfrog skeleton is almost destroyed.
You hear the slow rusting of a drain nearby.
The bullfrog skeleton hits you but does no damage.
You hit the bullfrog skeleton.
The bullfrog skeleton is almost destroyed.
The bullfrog skeleton hits you.
You die...

,* #.# #.##++#*,,,,**,,,,,,,*
,*** #.####..#≈≈#,,,****,,,,,,,*
,,,**##..>...##≈≈##,** *,,,,,,,,
,,,,,........#≈≈≈≈#,* *********
,,,**#######.#≈≈≈≈#,* ***
,,,,,*######.##lr#*,##* ****,,
,,,*,.?.......#≈≈#,..,******,,,,*
,,,**######...r##+.#*,,,,,,,,****
,,,* ####lZ@.#*********** ,,,*
###### ****


You could see a leopard gecko, a rat and a bullfrog skeleton.

Vanquished Creatures
  An adder (D:3)
  2 leopard geckos
  A ball python (D:1)
  2 bats (D:2)
  A giant cockroach (D:3)
  3 goblins
  4 jackals (D:2)
  3 kobolds
  A quokka (D:2)
  A frilled lizard (D:3)
  4 rats
23 creatures vanquished.

Notes
Turn   | Place    | Note
-------+----------+-------------------------------------------
     0 | D:1      | iamserjio the Vine Stalker Skald began the quest for the Orb.
     0 | D:1      | Reached XP level 1. HP: 11/11 MP: 4/4
    97 | D:1      | Reached XP level 2. HP: 2/15 MP: 0/6
   116 | D:1      | Learned a level 2 spell: Song of Slaying
   317 | D:2      | Learned a level 2 spell: Shroud of Golubria
   347 | D:3      | Reached XP level 3. HP: 4/19 MP: 0/7
   369 | D:3      | Slain by a bullfrog skeleton

Vault maps used:
D:1:      giann_forest_graveyard, palyth_stone_intersect
D:2:      first_ration, minmay_misc_feat_chi, grunt_decor_fettered
D:3:      mumra_celtic_spiral_tile, gup_sewer_entry_bowl

Skill      XL: |  1  2 |
---------------+-------+-----
Fighting       | 2 |  2.3
Unarmed Combat | 3 |  3.2
Armour         | |  0.7
Dodging        | |  1.5
Spellcasting   | |  2.1
Charms         | |  3.0

Action                   || total
-------------------------++-------
Melee: Club              ||    22
       Unarmed           ||     9
       Bite              ||    11
       Punch             ||     1
       Short sword       ||    28
       Dagger            ||    14
 Cast: Infusion          ||     5
       Shroud of Golubri ||     1
  Use: Scroll            ||     1
Armor: Leather armour    ||    22
Dodge: Dodged            ||    35

Table legend:
 A = Spawn XP
 B = Non-spawn XP
 C = Spawn XP percentage of total XP
 D = Spawn monster count
 E = Non-spawn monster count
 F = Spawn count percentage of total count
 G = Total turns spent on level
                    A         B        C        D         E        F      G
               +---------+---------+-------+---------+---------+-------+---------
         Total |       0 |      51 |   0.0 |       0 |      23 |   0.0 |   369
               +---------+---------+-------+---------+---------+-------+---------
           D:1 |       0 |      14 |   0.0 |       0 |       9 |   0.0 |   205
           D:2 |       0 |      15 |   0.0 |       0 |       8 |   0.0 |   113
           D:3 |       0 |      22 |   0.0 |       0 |       6 |   0.0 |    51
               +---------+---------+-------+---------+---------+-------+---------
